 Seeded DCSS version 0.29-a0-1043-g569b05d6ff (webtiles) character file.

Game seed: 20220816 (custom seed)

273 purpskrrrp the Grasshopper (level 5, -5/42 HPs)
             Began as a Demigod Warper on Aug 16, 2022.
             Slain by Crazy Yiuf
             ... wielding a +4 quarterstaff of chaos
              (17 damage)
             ... on level 2 of the Dungeon.
             The game lasted 00:03:43 (2383 turns).

purpskrrrp the Grasshopper (Demigod Warper)         Turns: 2383, Time: 00:03:44

Health: -5/42      AC:  3    Str: 16    XL:     5   Next: 71%
Magic:  11/11      EV: 17    Int: 15    God:
Gold:   128        SH:  0    Dex: 13    Spells: 9/9 levels left

rFire   . . .      SeeInvis .   a - +1 mace (spect)
rCold   . . .      Faith    .   (no shield)
rNeg    . . .      Spirit   .   b - +0 leather armour
rPois   .          Reflect  .   (no helmet)
rElec   .          Harm     .   (no cloak)
rCorr   .          Rampage  .   (no gloves)
Will    .....                   (no boots)
Stlth   +.........              (no amulet)
HPRegen 0.14/turn               (no ring)
MPRegen 0.12/turn               (no ring)

@: agile, lethally poisoned (-5 -> -9)
A: high MP 1, forlorn, divine attributes
a: no special abilities


You were on level 2 of the Dungeon.
You visited 1 branch of the dungeon, and saw 2 of its levels.

You collected 128 gold pieces.

Inventory:

Hand Weapons
 a - a +1 spectral mace (weapon)
Missiles
 d - 7 boomerangs of dispersal (quivered)
Armour
 b - a +0 leather armour (worn)
 l - a +0 scale mail
Scrolls
 c - a scroll of blinking
 e - a scroll of identify {unknown}
 h - 4 scrolls of teleportation
Potions
 f - a potion of curing {unknown}
 g - 2 potions of heal wounds {unknown}
 i - a potion of attraction {unknown}
 j - a potion of might
 k - a potion of resistance


   Skills:
 + Level 2.7 Fighting
 + Level 2.6 Maces & Flails
 + Level 2.1 Throwing
 + Level 2.0 Armour
 + Level 2.6 Dodging
 + Level 2.5 Spellcasting
 + Level 3.4 Translocations


You had 9 spell levels left.
You didn't know any spells.
Your spell library contained the following spells:

 Spells                   Type           Power      Damage    Failure   Level
 Apportation              Tloc           24%        N/A       6%          1
 Blink                    Tloc           24%        N/A       10%         2
 Gell's Gravitas          Tloc           12%        N/A       19%         3
 Lesser Beckoning         Tloc           12%        N/A       19%         3
 Teleport Other           Tloc           12%        N/A       19%         3
 Necrotise                Necr           4%         1d4       26%         1
 Summon Small Mammal      Summ           4%         N/A       26%         1
 Ozocubu's Armour         Ice            1%         N/A       61%         3
 Manifold Assault         Tloc           12%        N/A       86%         5
 Ozocubu's Refrigeration  Ice            0%         4d7       100%        7


Dungeon Overview and Level Annotations

Branches:
Dungeon (2/15)

Annotations:
D:2 Crazy Yiuf


Innate Abilities, Weirdness & Mutations

You have an increased reservoir of magic. (+10% MP)
You shall have no god before yourself.
Your divine heritage dramatically boosts your attributes as you level up.


Message History

a +0 dagger; a +0 robe You see here a +0 hammer.
Crazy Yiuf shouts!
You open the door. You sock Crazy Yiuf!
Crazy Yiuf is moderately wounded.
Crazy Yiuf barely misses you.
You hit Crazy Yiuf.
Crazy Yiuf is heavily wounded.
Crazy Yiuf hits you with a +4 quarterstaff of chaos.
Crazy Yiuf burns you.
You hit Crazy Yiuf but do no damage.
Crazy Yiuf is heavily wounded.
Crazy Yiuf twirls on the spot.
Crazy Yiuf hits you with a +4 quarterstaff of chaos!
You feel agile all of a sudden.
Crazy Yiuf hits you with a +4 quarterstaff of chaos.
You are too injured to fight recklessly!
You are too injured to fight recklessly!
You are too injured to fight recklessly!
You are too injured to fight recklessly!
You are too injured to fight recklessly!
You are too injured to fight recklessly!
You are too injured to fight recklessly!
You are too injured to fight recklessly!
You are too injured to fight recklessly!
You are too injured to fight recklessly!
You are too injured to fight recklessly!
You closely miss Crazy Yiuf.
Crazy Yiuf is heavily wounded.
Crazy Yiuf completely misses you.
You hit Crazy Yiuf.
Crazy Yiuf is severely wounded.
Crazy Yiuf hits you with a +4 quarterstaff of chaos.
You are poisoned.
You hit Crazy Yiuf.
Crazy Yiuf is almost dead.
You feel sick.
Crazy Yiuf hits you with a +4 quarterstaff of chaos!
You die...

###### #####....# #.....####
♣♣♣♣♣### #.....# ###
♣♣♣.♣.P..## #.....#
#...#♣..♣..)...## #.....#
#...g@♣♣♣♣P.....# #.....####
#)..#♣♣ ♣♣.....# #####.##.#
### ♣♣##..# ###.##.# #.##
###...##.# #.#
..#.####.########### #.#
..#..........(...).######.##
..#####....................#
..#####....................#


You could see Crazy Yiuf.

Vanquished Creatures
  Sigmund (D:2)
  Terence (D:2)
  Jessica (D:2)
  An adder (D:2)
  2 worms (D:2)
  3 dart slugs
  5 ball pythons
  3 endoplasms
  4 goblins
  4 hobgoblins
  7 jackals (D:1)
  4 quokkas
  3 bats (D:2)
  3 frilled lizards
  2 kobolds (D:2)
  3 rats
47 creatures vanquished.

Notes
Turn   | Place    | Note
-------+----------+-------------------------------------------
     0 | D:1      | purpskrrrp the Demigod Warper began the quest for the Orb.
     0 | D:1      | Reached XP level 1. HP: 17/17 MP: 5/5
   117 | D:1      | Reached skill level 1 in Throwing
   117 | D:1      | Reached skill level 1 in Armour
   386 | D:1      | Reached XP level 2. HP: 19/24 MP: 7/7
  1149 | D:2      | Reached skill level 3 in Translocations
  1149 | D:2      | Reached XP level 3. HP: 29/29 MP: 8/8
  1176 | D:2      | Found a runed translucent door.
  1177 | D:2      | Noticed Crazy Yiuf
  1199 | D:2      | Noticed Jessica
  1209 | D:2      | Killed Jessica
  1460 | D:2      | Noticed Terence
  1470 | D:2      | Killed Terence
  1471 | D:2      | Reached XP level 4. HP: 13/36 MP: 10/10
  1952 | D:2      | Noticed Sigmund
  1958 | D:2      | Killed Sigmund
  1959 | D:2      | Reached XP level 5. HP: 31/42 MP: 11/11
  2383 | D:2      | Slain by Crazy Yiuf

Illustrated notes

Levels and vault maps discovered:
D:1:      dpeg_arrival_renting, layout_rooms
D:2:      layout_basic, chequers_decorated_corner, uniq_jessica,
          uniq_crazy_yiuf_cottage, uniq_terence, uniq_sigmund

Skill      XL: |  1  2  3  4 |
---------------+-------------+-----
Throwing       | 1 2 |  2.1
Armour         | 1 2 |  2.0
Fighting       | 2 |  2.7
Spellcasting   | 2 |  2.5
Maces & Flails | 2 |  2.6
Dodging        | 2 |  2.6
Translocations | 3 |  3.4

Action                   |  1- 3 |  4- 6 || total
-------------------------+-------+-------++-------
Melee: Mace              |    92 |    36 ||   128
  Use: Scroll            |     2 |     1 ||     3
Armor: Leather armour    |    28 |    12 ||    40
Dodge: Dodged            |    52 |    24 ||    76

Table legend: (Time is in decaauts)
 A = Elapsed time spent in this place.
 B = Non-inter-level travel time spent in this place.
 C = Inter-level travel time spent in this place.
 D = Time resting spent in this place.
 E = Time spent auto-exploring this place.
 F = Levels seen in this place.
 G = Mean time per level.
                   A        B        C        D        E       F      G
               +--------+--------+--------+--------+--------+-----+--------+
         Total |   2420 |   2385 |     35 |    358 |   1731 |   2 | 1210.0 |
       Dungeon |   2420 |   2385 |     35 |    358 |   1731 |   2 | 1210.0 |
               +--------+--------+--------+--------+--------+-----+--------+

Top non-repeatable levels by time:
     D:2: 1261 daAuts
     D:1: 1158 daAuts
